 Dungeon Crawl Stone Soup version 0.24.0-13-gcf9b319 (webtiles) character file.

Game seed: 15819265618626714606, levelgen mode: deterministic

4300 Fang the Fighter (level 10, -2/65 HPs)
             Began as a Gargoyle Berserker on Nov 12, 2019.
             Was a High Priest of Trog.
             Slain by a 17-headed hydra (3 damage)
             ... on level 8 of the Dungeon.
             The game lasted 00:07:09 (7525 turns).

Fang the Fighter (Gargoyle Berserker)               Turns: 7525, Time: 00:07:09

Health: -2/65      AC: 25    Str: 23    XL:     10   Next: 32%
Magic:  0/10       EV:  9    Int:  9    God:    Trog [*****.]
Gold:   454        SH:  0    Dex:  9    Spells: 9/9 levels left

rFire    . . .     SeeInvis .   a - +0 war axe
rCold    . . .     Gourm    .   (no shield)
rNeg     + . .     Faith    .   b - +0 plate armour
rPois    ∞         Spirit   +   l - +2 hat
rElec    +         Reflect  .   (no cloak)
rCorr    +         Harm     .   g - +1 pair of gloves
MR       .....                  (no boots)
Stlth    ..........             D - amulet of guardian spirit
HPRegen  0.20/turn              x - ring of resist corrosion (curse)
MPRegen  0.12/turn              B - ring of stealth

@: berserk cooldown, slowed, very slow
A: negative energy resistance 1, electricity resistance, unbreathing,
petrification resistance, rot immunity, AC +7
a: Berserk, Trog's Hand, Brothers in Arms, Renounce Religion


You were on level 8 of the Dungeon.
You worshipped Trog.
Trog was extremely pleased with you.
You were near starving.

You visited 2 branches of the dungeon, and saw 9 of its levels.
You also visited: Ossuary.

You collected 454 gold pieces.

Inventory:

Hand Weapons
 a - a +0 war axe (weapon)
Armour
 b - a +0 plate armour (worn)
 g - a +1 pair of gloves (worn)
 l - a +2 hat (worn)
Jewellery
 x - a cursed ring of resist corrosion (left hand)
 B - a ring of stealth (right hand)
 D - an amulet of guardian spirit (around neck)
Wands
 y - a wand of enslavement (8)
 H - a wand of random effects (27)
 J - a wand of iceblast (7)
Scrolls
 d - 4 scrolls of blinking {unknown}
 h - 12 scrolls of identify {unknown}
 j - 2 scrolls of noise {unknown}
 k - 2 scrolls of enchant armour {unknown}
 o - 2 scrolls of immolation {unknown}
 p - 5 scrolls of teleportation {unknown}
 t - 5 scrolls of amnesia {unknown}
 u - 2 scrolls of magic mapping {unknown}
 z - 2 scrolls of enchant weapon {unknown}
 C - 2 scrolls of fear {unknown}
 E - 5 scrolls of remove curse {unknown}
 F - a scroll of vulnerability {unknown}
Potions
 e - 2 potions of haste
 f - 2 potions of curing
 i - 2 potions of invisibility {unknown}
 m - 2 potions of berserk rage {unknown}
 n - 2 potions of brilliance {unknown}
 q - a potion of flight {unknown}
 r - 2 potions of magic {unknown}
 s - a potion of degeneration {unknown}
 v - 2 potions of lignification {unknown}
 w - 4 potions of heal wounds {unknown}
 A - a potion of resistance {unknown}
 G - 2 potions of cancellation {unknown}
 I - a potion of might {unknown}
Comestibles
 c - 15 rations
 K - 8 chunks of flesh


   Skills:
 + Level 8.8 Fighting
 + Level 7.2 Axes
 + Level 8.4 Armour
 + Level 6.3 Dodging


You had 9 spell levels left.
You didn't know any spells.
Your spell library was empty.

Dungeon Overview and Level Annotations

Branches:
Dungeon (8/15)             Temple (1/1) D:6         Ossuary (visited)
   Lair: D:8-11

Altars:
Cheibriados
Dithmenos
Elyvilon
Fedhas
Nemelex Xobeh
Ru
Trog
Zin

Shops:
D:4 [   D:7 (

Annotations:
D:7 3 runed translucent doors, ArcanElement's ghost, amateur DEWz


Innate Abilities, Weirdness & Mutations

You are resistant to torment.
Your stone body is resilient. (AC +7)
You are immune to poison.
You resist negative energy. (rN+)
You are resistant to electric shocks. (rElec)
You can survive without breathing.
You are immune to petrification.
You are immune to rotting.


Message History

The 15-headed hydra closely misses you.
The 15-headed hydra bites you but does no damage.
You lop one of the 15-headed hydra's heads off!
The 14-headed hydra grows two more!
You slice the 16-headed hydra!!
The 16-headed hydra is almost dead.
You are no longer berserk.
Trog's vigour flows through your veins.
You are exhausted.
You feel yourself slow down.
You chop one of the 16-headed hydra's heads off!
The 15-headed hydra grows two more!
You slash the 17-headed hydra!
The 17-headed hydra is almost dead.
The 17-headed hydra barely misses you.
The 17-headed hydra bites you but does no damage. x3
The 17-headed hydra barely misses you.
The 17-headed hydra bites you but does no damage. x2
The 17-headed hydra closely misses you.
The 17-headed hydra bites you but does no damage. x2
The 17-headed hydra closely misses you. The 17-headed hydra bites you.
You die...

#.#####..#
##########.#
#.)+.P≈PP#.#
#%.#≈≈≈≈P#.#
#'##P≈P)≈#.#
#(.#...).#.#
#.('....÷÷.#
#D)'.P...###
#@.'....≈#
#..#.....#
##########


You could see a 17-headed hydra.

Vanquished Creatures
  An ugly thing (D:6)
  The ghost of ohno the Stinger, a novice OpVM of Sif Muna (D:5)
  A troll (D:6)
  A hippogriff (D:7)
  2 dream sheep (D:8)
  2 yaks (D:8)
  An orc warrior (D:5)
  2 sky beasts
  2 ice beasts (D:6)
  An ogre (D:6)
  3 centaurs
  The ghost of Fang the Skirmisher, an amateur GrBe of Trog (D:4)
  3 big kobolds (D:8)
  3 water moccasin zombies (Ossuary)
  2 scorpions
  2 crimson imps
  A howler monkey (D:6)
  5 orc priests
  4 hounds
  A bullfrog skeleton (D:5)
  2 centaur skeletons
  10 orc wizards
  Jessica (D:2)
  3 worker ants
  3 big kobold zombies (Ossuary)
  A hound skeleton (D:4)
  2 mummies (Ossuary)
  2 worker ant zombies
  10 adders
  An ooze (D:4)
  12 adder zombies
  2 adder skeletons
  A worm (D:2)
  4 dart slugs
  6 leopard geckos
  48 orcs
  5 giant cockroaches
  10 goblins
  9 hobgoblins
  6 jackals
  4 quokkas
  2 ball pythons
  7 bats
  8 frilled lizards
  A giant cockroach zombie (D:6)
  5 gnoll zombies (Ossuary)
  3 hobgoblin zombies (Ossuary)
  A jackal zombie (D:6)
  6 kobolds
  A leopard gecko skeleton (D:4)
  A leopard gecko zombie (D:5)
  4 orc zombies (Ossuary)
  A quokka skeleton (D:5)
  9 rats
230 creatures vanquished.

Vanquished Creatures (others)
  An orc wizard (D:6)
  An ooze (D:4)
2 creatures vanquished.

Grand Total: 232 creatures vanquished

Notes
Turn   | Place    | Note
-------+----------+-------------------------------------------
     0 | D:1      | Fang the Gargoyle Berserker began the quest for the Orb.
     0 | D:1      | Reached XP level 1. HP: 14/14 MP: 1/1
   284 | D:1      | Reached XP level 2. HP: 18/19 MP: 2/2
   710 | D:2      | Reached XP level 3. HP: 24/24 MP: 3/3
   738 | D:2      | Reached ** piety under Trog
   954 | D:2      | Reached XP level 4. HP: 23/29 MP: 4/4
  1128 | D:2      | Noticed Jessica
  1137 | D:2      | Killed Jessica
  1137 | D:2      | Reached XP level 5. HP: 27/33 MP: 5/5
  1705 | D:3      | Found a glowing silver altar of Zin.
  1902 | D:3      | Reached *** piety under Trog
  2161 | D:3      | Found a shadowy altar of Dithmenos.
  2202 | D:3      | Reached XP level 6. HP: 29/39 MP: 6/6
  2623 | D:4      | Found Haosam's Armour Boutique.
  2800 | D:4      | Reached skill level 5 in Fighting
  3122 | D:4      | Found a white marble altar of Elyvilon.
  3170 | D:4      | Reached XP level 7. HP: 44/44 MP: 7/7
  3863 | D:4      | Found a runed translucent door.
  3863 | D:4      | Noticed Fang's ghost (amateur GrBe)
  3938 | D:5      | Entered Level 5 of the Dungeon
  3981 | D:4      | Killed Fang's ghost
  4070 | D:5      | Reached **** piety under Trog
  4076 | D:5      | Reached skill level 5 in Armour
  4128 | D:5      | Reached XP level 8. HP: 49/51 MP: 8/8
  4245 | D:5      | Found a runed translucent gate.
  4245 | D:5      | Found a runed translucent gate.
  4246 | D:5      | Found a runed translucent gate.
  4248 | D:5      | Noticed ohno's ghost (novice OpVM)
  4631 | D:5      | Found a sparkling altar of Nemelex Xobeh.
  4839 | D:5      | Found a bloodstained altar of Trog.
  5192 | D:5      | Killed ohno's ghost
  5192 | D:5      | Reached skill level 5 in Axes
  5388 | D:6      | Found a large runed translucent door.
  5388 | D:6      | Found a large runed translucent door.
  5409 | D:6      | Found a large runed translucent door.
  5409 | D:6      | Found a large runed translucent door.
  5564 | D:6      | Found a staircase to the Ecumenical Temple.
  5592 | D:6      | Reached XP level 9. HP: 42/57 MP: 7/9
  5672 | Temple   | Entered the Ecumenical Temple
  5752 | D:6      | Found a snail-covered altar of Cheibriados.
  5770 | D:6      | Reached skill level 5 in Dodging
  6172 | D:6      | Noticed a troll
  6187 | D:6      | Killed a troll
  6187 | D:6      | Reached ***** piety under Trog
  6275 | D:6      | Noticed a green ugly thing
  6297 | D:6      | Killed a green ugly thing
  6451 | D:7      | Noticed ArcanElement's ghost (amateur DEWz)
  6453 | D:7      | Found a runed translucent gate.
  6453 | D:7      | Found a runed translucent gate.
  6453 | D:7      | Found a runed translucent gate.
  6453 | D:7      | Noticed an orc knight
  6619 | D:7      | Found a sand-covered staircase.
  6624 | Ossuary  | Entered an ossuary
  6702 | Ossuary  | Reached XP level 10. HP: 62/64 MP: 8/10
  6899 | D:7      | Found a white marble altar of Elyvilon.
  6931 | D:7      | Found a sacrificial altar of Ru.
  7024 | D:7      | Found a blossoming altar of Fedhas.
  7160 | D:7      | Found Boresi's Antique Weapon Shop.
  7499 | D:8      | Noticed a three-headed hydra
  7521 | D:8      | HP: 3/97 [15-headed hydra (5)]
  7523 | D:8      | HP: 1/97 [15-headed hydra (1)]
  7525 | D:8      | Slain by a 17-headed hydra

Levels and vault maps discovered:
D:1:      dpeg_arrival_ratfight, layout_basic, chequers_serial_rivers_large_b,
          nrook_mini_vaults, minmay_close_crescents
D:2:      layout_basic, minmay_tetromino_o4, uniq_jessica
D:3:      layout_loops_ring, lemuel_doored_altar, first_ration,
          lemuel_altar_in_water
D:4:      minmay_chambers_of_fours, layout_loops_ring, elyvilon_altar_4,
          ebering_ghost_reflecting_pool, serial_shops, kennysheep_little_box
D:5:      layout_loops_ring, kennysheep_mini_moat,
          lemuel_coloured_pillars_altar, ebering_ghost_rock_garden,
          serial_rivers, chequers_serial_rivers_micro_c,
          chequers_serial_rivers_micro_a, chequers_serial_rivers_small_b,
          chequers_serial_rivers_large_a, minmay_chambers_of_fives
D:6:      layout_basic, cheibriados_altar_1, minmay_temple_entry_stoned_glass,
          minmay_hollow_rounded_squares
D:7:      layout_cave_pools, nicolae_ru_great_annihilating_truth,
          enter_ossuary_2, basic_altar, serial_shops, shop,
          gammafunk_ghost_split, fedhas_altar_4
D:8:      layout_loops_ring, hangedman_ranch [blue_anna_fruit_fields], uniq_grum
Temple:   regret_index_temple_generic_petals

Skill      XL: |  1  2  3  4  5  6  7  8  9 10 |
---------------+-------------------------------+-----
Axes           | 3 4 5 6 7 |  7.2
Dodging        | 2 3 4 5 6 |  6.3
Armour         | 3 4 5 6 7 8 |  8.4
Fighting       | 4 5 7 8 |  8.8

Action                   |  1- 3 |  4- 6 |  7- 9 | 10-12 || total
-------------------------+-------+-------+-------+-------++-------
Melee: Hand axe          |   113 |   250 |   145 |       ||   508
       War axe           |       |       |   458 |   122 ||   580
Invok: Berserk           |     1 |     1 |     6 |     1 ||     9
       Trog's Hand       |       |       |     1 |       ||     1
       Brothers in Arms  |       |       |       |     1 ||     1
 Stab: Paralysed         |       |       |       |     1 ||     1
  Eat: Chunk             |       |     9 |    16 |     3 ||    28
       Ration            |       |       |     1 |       ||     1
Armor: Animal skin       |    37 |    60 |       |       ||    97
       Chain mail        |       |    60 |       |       ||    60
       Plate armour      |       |    41 |   615 |   176 ||   832
Dodge: Dodged            |    79 |   139 |   258 |    97 ||   573
